 Dungeon Crawl Stone Soup version 0.32-a0-711-g016ad743e0 (webtiles) character file.

Game seed: 14296514282114776186

970 Xavori the Trooper (level 8, -2/58 HPs)
             Began as a Djinni Chaos Knight on Mar 16, 2024.
             Was a Plaything of Xom.
             Slain by an ice beast (3 damage)
             ... on level 6 of the Dungeon.
             The game lasted 00:05:45 (6013 turns).

Xavori the Trooper (Djinni Chaos Knight)            Turns: 6013, Time: 00:05:46

Health: -2/58      AC:  7    Str: 15      XL:     8   Next: 38%
Gold:   226        EV: 18    Int: 11 (12) God:    Xom [......] SH:  0 Dex: 23

rFire   + + .        a - +0 falchion (chaos)
rCold   x . .        (no shield)
rNeg    . . .        b - +2 leather armour
rPois   ∞            (no helmet)
rElec   .            (no cloak)
rCorr   .            (no gloves)
SInv    .            (boots unavailable)
Will    .....        (no amulet)
Stlth   ++           f - +5 ring of evasion
HPRegen 0.29/turn    w - +6 ring of strength
MPRegen 0.00/turn

%: infuse magic (-3 HP)
@: flying, slowed, very slow
A: sickness immunity, fire resistance 2, cold vulnerability 1, float, innate
caster, HP casting, extra vitality 1, iridescent scales 1, agile 2, wild magic 1
a: Renounce Religion


You were on level 6 of the Dungeon.
You worshipped Xom.
You were a very special plaything of Xom.
You visited 1 branch of the dungeon, and saw 6 of its levels.

You collected 226 gold pieces.

Inventory:

Hand Weapons
 a - a +0 falchion of chaos (weapon)
Armour
 b - a +2 leather armour (worn)
Jewellery
 f - a +5 ring of evasion (left hand)
 w - a +6 ring of strength (right hand)
Talismans
 u - a storm talisman
Wands
 g - a wand of warping (13)
 t - a wand of flame (10)
Scrolls
 c - a scroll of butterflies
 d - 2 scrolls of teleportation
 l - a scroll of brand weapon
 n - a scroll of enchant armour
 o - a scroll of revelation {unknown}
 p - a scroll of enchant weapon {unknown}
 x - 2 scrolls of poison {unknown}
 z - a scroll of fear {unknown}
 A - 3 scrolls of blinking
 B - a scroll of silence {unknown}
Potions
 e - 2 potions of enlightenment
 h - a potion of haste {unknown}
 i - a potion of attraction {unknown}
 j - 2 potions of lignification {unknown}
 k - 4 potions of curing {unknown}
 q - a potion of invisibility {unknown}
 r - a potion of mutation {unknown}
 s - 2 potions of berserk rage {unknown}
 v - a potion of heal wounds {unknown}


   Skills:
 + Level 4.4 Fighting
 + Level 4.0 Long Blades
 + Level 3.3 Armour
 + Level 4.2 Dodging
 * Level 3.4 Spellcasting
 * Level 3.4 Conjurations
 * Level 3.4 Hexes
   Level 0.0 Charms
 * Level 3.4 Summonings
 * Level 3.4 Necromancy
 * Level 3.4 Translocations
   Level 0.0 Transmutations
 * Level 3.4 Fire Magic
 * Level 3.4 Ice Magic
 * Level 3.4 Air Magic
 * Level 3.4 Earth Magic
 * Level 3.4 Alchemy
 * Level 3.4 Evocations


You knew the following spells:

 Your Spells              Type           Power      Damage    Failure   Level
a - Foxfire               Conj/Fire      48%        2x1d6     12%         1
b - Blink                 Tloc           24%        N/A       17%         2
c - Stone Arrow           Conj/Erth      24%        3d8       30%         3
Your spell library was empty.

Dungeon Overview and Level Annotations

Branches:
Dungeon (6/15)
 Temple: D:4-7

Altars:
Dithmenos
Nemelex Xobeh
Okawaru
Yredelemnul

Shops:
D:1 :


Innate Abilities, Weirdness & Mutations

You are immune to sickness and miasma.
You are immune to poison.
Your flesh is very heat resistant. (rF++)
You are vulnerable to cold. (rC-)
You float through the air rather than walking.
You learn spells naturally, not from books.
Your magical power is your life essence.
You have superior vitality. (+4 MHP)
You are partially covered in iridescent scales. (AC +2)
You are very agile. (Dex +8, Str/Int -2)
Your spells are a little harder to cast, but a little more powerful.


Message History

The adder completely misses you. The scorpion closely misses you.
The jelly misses you.
You fly downwards.
The ice beast hits you. The ice beast freezes you!
You feel a terrible chill! The ice beast misses you.
There is a stone staircase leading up here.
Unknown command.
You barely miss the ice beast. The ice beast hits you.
The ice beast freezes you!!
You feel a terrible chill!
* * * LOW HITPOINT WARNING * * *
You slash the ice beast!
The ice beast is moderately wounded.
The ice beast closely misses you.
You hit the ice beast but do no damage.
The ice beast is moderately wounded. "The weather's been a little too boring around here."
The ice beast hits you but does no damage.
You barely miss the ice beast.
The ice beast is moderately wounded.
You are engulfed in seething chaos.
You feel yourself slow down. The ice beast completely misses you.
The ice beast is engulfed in seething chaos.
The ice beast hits you.
* * * LOW HITPOINT WARNING * * *
The ice beast freezes you!
You feel a terrible chill!
* * * LOW HITPOINT WARNING * * *
Okay, then.
Aiming: Paralyse
Press: ? - help, Shift-Dir - straight line, f - ice beast
Aim: an ice beast (moderately wounded, chance to affect: 58%)
The ice beast resists with significant effort. "This is how I like it!"
You swap places with the ice beast.
The ice beast completely misses you.
Aiming: Paralyse
Press: ? - help, Shift-Dir - straight line, f/p - ice beast
Aim: an ice beast (moderately wounded, chance to affect: 58%)
The ice beast resists with significant effort.
The now-empty wand crumbles to dust.
The ice beast barely misses you. The ice beast hits you.
You die...
Xom chuckles heartily!

##.# ##.## #.# #...
#.# #..# #.# #..#
#.###..# #......#
..... #####.##
..... #.# ..... #@#
.... #Y# ###..##
##)## .....##
#...### ##.....#
#.#...## ##.......
#......####........
###.......'........
##...####........
#..## ##.......


You could see an ice beast.

Vanquished Creatures
  Eustachio (D:4)
  A water moccasin (D:5)
  A swamp drake (D:5)
  An ogre (D:5)
  A scorpion (D:5)
  2 bombardier beetles
  A jelly (D:5)
  2 sleepcaps (D:5)
  4 iguanas
  2 orc wizards
  6 adders
  A gnoll (D:4)
  2 white imps
  A ribbon worm (D:3)
  2 dart slugs (D:4)
  8 orcs
  10 ball pythons
  8 bats
  9 endoplasms
  4 giant cockroaches
  5 goblins
  11 hobgoblins
  2 quokkas
  8 frilled lizards
  5 kobolds
  5 rats
103 creatures vanquished.

Vanquished Creatures (collateral kills)
  A dart slug (D:1)
1 creature vanquished.

Grand Total: 104 creatures vanquished

Notes
Turn   | Place    | Note
-------+----------+-------------------------------------------
     0 | D:1      | Xavori the Djinni Chaos Knight began the quest for the Orb.
     0 | D:1      | Reached XP level 1. HP: 20/20 MP: 0/0
   143 | D:1      | Reached XP level 2. HP: 25/25 MP: 0/0
   143 | D:1      | Found Xizus's Book Shop.
   154 | D:1      | You are sucked into a shaft and drop 1 floor!
   170 | D:2      | XOM: potion effect (haste)
   189 | D:2      | Reached skill level 1 in Spellcasting
   189 | D:2      | Reached skill level 1 in Conjurations
   189 | D:2      | Reached skill level 1 in Hexes
   189 | D:2      | Reached skill level 1 in Summonings
   189 | D:2      | Reached skill level 1 in Necromancy
   189 | D:2      | Reached skill level 1 in Translocations
   189 | D:2      | Reached skill level 1 in Fire Magic
   189 | D:2      | Reached skill level 1 in Ice Magic
   189 | D:2      | Reached skill level 1 in Air Magic
   189 | D:2      | Reached skill level 1 in Earth Magic
   189 | D:2      | Reached skill level 1 in Alchemy
   189 | D:2      | Reached XP level 3. HP: 15/30 MP: 0/0
   189 | D:2      | Learned a level 1 spell: Foxfire
   343 | D:1      | XOM: smoke on damage
   346 | D:1      | Reached XP level 4. HP: 25/35 MP: 0/0
   852 | D:1      | XOM: silly message
  1416 | D:1      | XOM: summons 2 hostile demons
  1666 | D:2      | XOM: scenery: summon butterflies
  1697 | D:1      | XOM: scenery: 1 doors open, 1 doors close
  2361 | D:1      | XOM: give mutations
  2361 | D:1      | Gained mutation: You are partially covered in iridescent
                  | scales. (AC +2) [Xom's grace]
  2361 | D:1      | Gained mutation: Your mind is acute. (Int +4, Str/Dex -1)
                  | [Xom's grace]
  2361 | D:1      | Gained mutation: You are robust. (+10% HP) [Xom's grace]
  2362 | D:1      | XOM: god gift: 8 stones
  2547 | D:2      | XOM: god gift: runed morningstar {god gift}
  3113 | D:3      | Reached XP level 5. HP: 40/44 MP: 0/0
  3113 | D:3      | Learned a level 2 spell: Blink
  3591 | D:4      | XOM: god gift: blackened lead wand {god gift}
  3612 | D:4      | Reached XP level 6. HP: 29/50 MP: 0/0
  3684 | D:4      | XOM: give mutation
  3684 | D:4      | Gained mutation: You are agile. (Dex +4, Str/Int -1) [Xom's
                  | grace]
  3688 | D:4      | Found a shadowy altar of Dithmenos.
  3810 | D:4      | Found a sparkling altar of Nemelex Xobeh.
  3982 | D:4      | Noticed Eustachio
  3993 | D:4      | XOM: polymorph bat -> endoplasm
  3997 | D:4      | XOM: polymorph endoplasm -> hobgoblin
  4008 | D:4      | XOM: confuse monster(s)
  4014 | D:4      | Killed Eustachio
  4015 | D:4      | Reached skill level 1 in Evocations
  4015 | D:4      | Reached XP level 7. HP: 41/56 MP: 0/0
  4015 | D:4      | Learned a level 3 spell: Stone Arrow
  4129 | D:4      | XOM: give mutation
  4129 | D:4      | Gained mutation: You are very agile. (Dex +8, Str/Int -2)
                  | [Xom's grace]
  4354 | D:4      | Found an iron altar of Okawaru.
  4611 | D:5      | Entered Level 5 of the Dungeon
  4873 | D:5      | Noticed Edmund
  4895 | D:5      | Edmund changed into Edmund the swamp drake
  4895 | D:5      | Noticed Edmund
  4896 | D:5      | Killed Edmund the swamp drake
  4995 | D:5      | Found a basalt altar of Yredelemnul.
  5022 | D:5      | XOM: give mutations
  5022 | D:5      | Lost mutation: You are robust. (+10% HP) [Xom's mischief]
  5022 | D:5      | Gained mutation: Your spells are a little harder to cast,
                  | but a little more powerful. [Xom's mischief]
  5022 | D:5      | Lost mutation: Your mind is acute. (Int +4, Str/Dex -1)
                  | [Xom's mischief]
  5264 | D:5      | XOM: enchant monster (bad)
  5267 | D:5      | Reached XP level 8. HP: 58/58 MP: 0/0
  5883 | D:6      | XOM: confusion (+ monsters)
  5884 | D:6      | XOM: confusion
  5890 | D:6      | XOM: stat loss: -1 Int (11/12)
  6003 | D:5      | XOM: summons 4 hostile shadow creatures
  6009 | D:6      | XOM: chaos cloud
  6011 | D:6      | HP: 1/58 [ice beast (10)]
  6012 | D:6      | XOM: swap monsters
  6013 | D:6      | Slain by an ice beast

Illustrated notes

Levels and vault maps discovered:
D:1:      wander_arrival_chamber, layout_loops_ring, serial_shops,
          nicolae_shop_hallway_stairs
D:2:      layout_basic, serial_bayou_pond_b
D:3:      layout_rooms
D:4:      layout_basic, nemelex_xobeh_ov_fountains_minmay,
          okawaru_altar_gauntlet_db, mainiacjoe_overflow_chevrons,
          uniq_eustachio
D:5:      layout_loops_cross, kiku_gazebo_garden_becter,
          mainiacjoe_overflow_tiny_flanked, uniq_edmund
D:6:      lemuel_ratsnest, layout_loops_corners, nicolae_ru_path_of_blood,
          nicolae_qazlal_scattered_showers, kennysheep_cross_room,
          patterned_corridor

Skill      XL: |  1  2  3  4  5  6  7  8 |
---------------+-------------------------+-----
Spellcasting   | 1 2 3 |  3.4
Conjurations   | 1 2 3 |  3.4
Hexes          | 1 2 3 |  3.4
Summonings     | 1 2 3 |  3.4
Necromancy     | 1 2 3 |  3.4
Translocations | 1 2 3 |  3.4
Fire Magic     | 1 2 3 |  3.4
Ice Magic      | 1 2 3 |  3.4
Air Magic      | 1 2 3 |  3.4
Earth Magic    | 1 2 3 |  3.4
Alchemy        | 1 2 3 |  3.4
Long Blades    | 3 4 |  4.0
Armour         | 2 3 |  3.3
Dodging        | 3 4 |  4.2
Evocations     | 1 2 3 |  3.4
Fighting       | 4 |  4.4

Action                     |  1- 3 |  4- 6 |  7- 9 || total
---------------------------+-------+-------+-------++-------
  Melee: Falchion          |    58 |   195 |   161 ||   414
         Unarmed           |       |       |     6 ||     6
   Cast: Stone Arrow       |       |       |     5 ||     5
  Evoke: Wand              |       |       |     3 ||     3
    Use: Scroll            |       |     3 |     2 ||     5
         Potion            |       |       |     1 ||     1
   Stab: Sleeping          |     1 |     1 |     3 ||     5
         Confused          |       |     2 |     1 ||     3
         Paralysed         |       |       |    13 ||    13
 Armour: Leather armour    |    32 |   139 |    80 ||   251
  Dodge: Dodged            |    41 |   166 |   178 ||   385

Table legend: (Time is in decaauts)
 A = Elapsed time spent in this place.
 B = Non-inter-level travel time spent in this place.
 C = Inter-level travel time spent in this place.
 D = Time resting spent in this place.
 E = Time spent auto-exploring this place.
 F = Levels seen in this place.
 G = Mean time per level.
                   A        B        C        D        E       F      G
               +--------+--------+--------+--------+--------+-----+--------+
         Total |   6049 |   5957 |     92 |   1736 |   3308 |   6 | 1008.2 |
       Dungeon |   6049 |   5957 |     92 |   1736 |   3308 |   6 | 1008.2 |
               +--------+--------+--------+--------+--------+-----+--------+

Top non-repeatable levels by time:
     D:1: 1978 daAuts
     D:5: 1106 daAuts
     D:4: 1099 daAuts
     D:2: 1066 daAuts
     D:3: 491 daAuts
     D:6: 307 daAuts
